 Dungeon Crawl Stone Soup version 0.18-a0-1471-gbbaf034 (webtiles) character file.

95295 MrRokkomies the Spry (level 15, -16/81 HPs)
             Began as a Spriggan Enchanter on Mar 2, 2016.
             Was an Initiate of Gozag.
             Killed from afar by Potsanchik's ghost (39 damage)
             ... with a blast of crystal shards
             ... on level 15 of the Dungeon.
             The game lasted 01:50:38 (31485 turns).

MrRokkomies the Spry (Spriggan Enchanter)          Turns: 31485, Time: 01:50:38

Health: -16/81     AC: 10    Str:  4    XL:     15   Next: 66%
Magic:  15/35      EV: 31    Int: 21    God:    Gozag
Gold:   1737       SH: 10    Dex: 16    Spells: 7 memorised, 0 levels left

rFire  . . .     SeeInvis +     a - +6 quick blade "Lottoshu" {venom, +Inv rElec rPois MR-}
rCold  . . .     Gourm    .     E - +2 robe {Archmagi}
rNeg   + + +     Faith    .     V - +2 buckler {rN+}
rPois  +         Spirit   .     J - +0 hat {SInv}
rElec  +         Dismiss  .     Q - +2 cloak
rCorr  .         Reflect  .     (gloves unavailable)
SustAt .         Harm     .     (boots unavailable)
MR     +....                    Y - amulet "Caapp" {RegenMP +Inv rPois rN+++ Int-3}
Stlth  ++++......               N - +3 ring of protection
                                k - ring of magical power

@: gold aura, repel missiles, very quick, somewhat resistant to hostile
enchantments, stealthy
A: unfitting armour, see invisible, herbivore 3, speed 3, slow metabolism 2
a: Potion Petition, Call Merchant, Bribe Branch, Renounce Religion, Evoke
Invisibility


You were on level 15 of the Dungeon.
You worshipped Gozag.
Gozag was noncommittal.
You were not hungry.

You visited 4 branches of the dungeon, and saw 26 of its levels.
You also visited: Sewer.

You collected 9936 gold pieces.
You spent 4442 gold pieces at shops.
You paid 3757 gold pieces to Gozag.

Inventory:

Hand Weapons
 a - the +6 quick blade "Lottoshu" (weapon) {venom, +Inv rElec rPois MR-}
   (You bought it in a shop on level 2 of the Lair of Beasts)

   It poisons the flesh of those it strikes.
   It insulates you from electricity.
   It protects you from poison.
   It affects your resistance to hostile enchantments.
   It lets you turn invisible.
 b - a +0 blowgun
 i - a +2 antimagic rapier
Missiles
 j - 4 throwing nets (quivered)
 t - 108 poisoned needles
Armour
 E - a +2 robe of the Archmagi (worn)
 J - a +0 hat of see invisible (worn)
 Q - a +2 cloak (worn)
 V - a +2 buckler of positive energy (worn)
Rods
 f - a +2 rod of inaccuracy (12/12)
   (You bought it in a shop on level 2 of the Orcish Mines)
Jewellery
 k - a ring of magical power (left hand)
 B - the ring "Bouwod" {Fire Str+4 SInv}
   (You found it on level 4 of the Lair of Beasts)

   [ring of fire]

   It enhances your fire magic, and weakens your ice magic.
   It affects your strength (+4).
   It protects you from fire.
   It makes you vulnerable to cold.
   It lets you see invisible.
 I - an uncursed ring of ice
 N - a +3 ring of protection (right hand)
 Y - the amulet "Caapp" (around neck) {RegenMP +Inv rPois rN+++ Int-3}
   (You found it on level 2 of the Lair of Beasts)

   [amulet of magic regeneration]

   It increases your magic regeneration.
   It affects your intelligence (-3).
   It protects you from poison.
   It renders you almost immune to negative energy.
   It lets you turn invisible.
Wands
 C - a wand of iceblast (11/15)
 F - a wand of iceblast (4/15)
 L - a wand of teleportation (3/9)
 M - a wand of paralysis (17/24)
 S - a wand of acid (6/15)
 T - a wand of polymorph (4/24)
 U - a wand of enslavement (12/24)
 W - a wand of lightning (6/15)
 Z - a wand of disintegration (8/24)
Scrolls
 c - a scroll of recharging
 m - 13 scrolls of teleportation
 n - 4 scrolls of fog
 r - 17 scrolls of remove curse
 D - a scroll of identify
 G - 3 scrolls of fear
 P - 3 scrolls of magic mapping
Potions
 g - a potion of cancellation
 h - 4 potions of flight
 l - 5 potions of agility
 q - 3 potions of heal wounds
 s - 4 potions of brilliance
 u - 7 potions of curing
 v - a potion of berserk rage
 x - a potion of invisibility
 z - 2 potions of haste
 H - 3 potions of resistance
 K - 3 potions of might
 O - 4 potions of lignification
 R - a potion of magic
Books
 e - a book of Enchantments

   Spells                             Type                      Level
   a - Cause Fear                     Hexes                        4
   b - Yara's Violent Unravelling     Hexes/Transmutation          5
   c - Silence                        Hexes/Air                    5
   d - Deflect Missiles               Charms/Air                   6
   e - Haste                          Charms                       6
   f - Discord                        Hexes                        8
Miscellaneous
 o - a disc of storms
 w - a phial of floods
 y - a lamp of fire
Comestibles
 d - 6 bread rations
 p - 6 slices of pizza
 A - 36 fruits


   Skills:
 - Level 10.9 Fighting
 - Level 11.0 Short Blades
 - Level 16.0 Dodging
 - Level 7.8 Stealth
 - Level 6.5 Shields
 - Level 3.2 Spellcasting
 - Level 3.4 Conjurations
 * Level 12.6 Hexes
 - Level 7.0 Ice Magic
 - Level 3.8 Air Magic
 * Level 13.6 Evocations


You couldn't memorise any spells.
You knew the following spells:

 Your Spells              Type           Power        Failure   Level  Hunger
a - Dazzling Spray        Conj/Hex       ######..     1%          3    ###....
b - Ensorcelled Hibernat  Hex/Ice        ######       1%          2    ##.....
c - Confuse               Hex            ######..     1%          3    ###....
d - Tukima's Dance        Hex            ######..     1%          3    ###....
e - Repel Missiles        Chrm/Air       ###...       12%         2    ##.....
f - Static Discharge      Conj/Air       ####....     12%         3    ###....
g - Cause Fear            Hex            ######....   1%          4    ####...


Dungeon Overview and Level Annotations

Branches:
Dungeon (15/15)            Temple (1/1) D:5            Lair (8/8) D:11
  Swamp (0/4) Lair:6        Snake (0/4) Lair:5        Slime (0/6) Lair:6
    Orc (2/2) D:11            Elf (0/3) Orc:2        Vaults (0/5) D:14
 Depths: D:15

Altars:
Ashenzari
Cheibriados
Dithmenos
Elyvilon
Fedhas
Gozag
Kikubaaqudgha
Makhleb
Nemelex Xobeh
Okawaru
Pakellas
Qazlal
Ru
Sif Muna
Trog
Vehumet
Xom
Yredelemnul
Zin
The Shining One
Beogh

Shops:
D:7 }   D:9 !?(!*   D:12 %   Orc:2 :!}=   Lair:2 (   Lair:7 [   Lair:8 :

Annotations:
D:4 MrRokkomies's ghost, amateur DgSu
D:15 Potsanchik's ghost, adept SpEE
Lair:1 MrRokkomies's ghost, journeyman OpAs


Innate Abilities, Weirdness & Mutations

You are tiny and cannot use many weapons and most armour.
You have supernaturally acute eyesight.
You are an herbivore.
You cover ground extremely quickly.
You need consume almost no food.


Message History

The killer bee is engulfed in noxious fumes.
The killer bee appears confused.
Potsanchik's ghost completely misses you.
Potsanchik's ghost gestures at you while chanting.
The ball explodes into a vile cloud!
The stinking cloud engulfs you!
You hear a roar!
Potsanchik's ghost points at the crystal wall and mumbles some strange words.
The crystal wall shatters!
The blast of crystal shards hits you!
* * * LOW HITPOINT WARNING * * *
You hear a shout! x2
Evoke which item? (* to show all) (? for menu, Esc to quit)
Zapping:
M - a wand of paralysis (will waste charges)
Press: ? - help, Shift-Dir - straight line, f - Potsanchik's ghost
Aim: Potsanchik's ghost (repelling missiles, chance to defeat MR: 8%)
Okay, then.
Unknown command.
Potsanchik's ghost gestures at the crystal wall while chanting.
The crystal wall shatters!
The blast of crystal shards hits you!
You die...
Your body crumbles into a pile of gold.

####..# #..# #.# $ #§§#
#.# ###..# #.#
#....######.#
#...........##
#..$.........##
######.W...§..#######.
#....§§..@.......
#....§§..........
#.......#######.....#
#.......'.....#.....#
#.....###.....#.....#
#.....#.......#.....#
#.....#.......#.....#
#.....#.......#.....#
#.....#.......#.....#+##


You could see Potsanchik's ghost.

Vanquished Creatures
  Harold (D:10)
  The ghost of SkyBlueFox the Martial Artist, a journeyman DsMo (D:12)
  8 hydras
  Erica (D:10)
  3 catoblepae (Lair:8)
  A centaur warrior (D:13)
  A tengu warrior (D:15)
  23 death yaks
  An orc high priest (Orc:1)
  Nergalle (Lair:2)
  A fire crab (Lair:5)
  2 skeletal warriors (D:12)
  A wizard (D:15)
  3 unseen horrors
  A deep troll (D:14)
  A lindwurm (shapeshifter) (D:14)
  Pikel (D:9)
  2 hill giants
  3 deep elf magi
  2 griffons
  2 ugly things
  2 manticores
  2 orc sorcerers
  A cyclops (Orc:1)
  3 elephants (Lair:7)
  Joseph (D:7)
  5 black mambas
  Maurice (D:11)
  Psyche (D:8)
  2 gargoyles
  2 torpor snails
  A centaur skeleton (D:15)
  13 rime drakes
  11 komodo dragons
  12 spiny frogs
  6 trolls
  2 tengu conjurers
  3 polar bears
  5 blink frogs (Lair:3)
  Prince Ribbit (D:6)
  Grinder (D:6)
  A boulder beetle (Lair:5)
  A blink frog (shapeshifter) (D:14)
  A wyvern (Lair:4)
  56 yaks
  3 water elementals (D:12)
  6 fire bats (Lair:4)
  A shadow (D:13)
  10 basilisks
  A vampire (D:12)
  17 hippogriffs
  A steam dragon (Lair:8)
  4 vampire mosquitoes
  3 hungry ghosts
  Menkaure (D:6)
  2 mottled dragons
  4 wargs
  2 nagas (Lair:5)
  9 water moccasins
  11 porcupines
  28 orc warriors
  3 ice beasts
  A sky beast (D:7)
  A phantom (D:11)
  5 necrophages (Lair:6)
  6 ogres
  18 centaurs
  15 crocodiles
  6 big kobolds
  16 giant frogs
  6 scorpions
  18 killer bees
  A troll zombie (D:11)
  6 wights
  6 howler monkeys
  4 electric eels
  4 crimson imps
  A lava snake (Lair:4)
  A giant frog zombie (D:5)
  5 centaur zombies
  A gnoll shaman (D:7)
  4 hounds
  A giant frog skeleton (D:7)
  14 orc priests
  3 jellies
  Crazy Yiuf (D:6)
  6 worker ants
  Natasha (D:2)
  5 iguanas
  20 orc wizards
  A killer bee zombie (D:5)
  14 sheep
  7 ogre zombies (D:11)
  A hound zombie (D:8)
  A worker ant zombie (D:10)
  A howler monkey skeleton (D:10)
  7 adders
  6 gnolls
  69 river rats
  3 shadow imps
  4 oozes
  An adder skeleton (D:9)
  2 worms
  2 dart slugs
  7 giant geckos
  96 orcs
  16 bats
  6 giant cockroaches
  6 goblins
  5 hobgoblins
  18 jackals
  4 quokkas
  A ball python (D:3)
  A giant gecko zombie (D:8)
  6 giant newts
  4 goblin skeletons
  4 goblin zombies
  A hobgoblin skeleton (D:11)
  7 hobgoblin zombies
  24 kobolds
  2 kobold skeletons (D:7)
  3 kobold zombies (D:7)
  3 orc skeletons (D:11)
  16 orc zombies
  11 rats
836 creatures vanquished.

Vanquished Creatures (collateral kills)
  Frances (D:13)
  An ettin (D:14)
  2 death yaks (Lair:7)
  2 tengu warriors (D:15)
  3 skeletal warriors (D:12)
  A hill giant (D:13)
  6 orc knights
  A griffon (Lair:7)
  A gargoyle (D:13)
  A troll (D:13)
  4 two-headed ogres
  A hippogriff (Lair:7)
  2 nagas (Lair:5)
  21 orc warriors
  6 ogres
  2 centaurs
  A crocodile (D:13)
  4 wights (D:13)
  A crimson imp (D:13)
  2 orc priests
  4 gnolls
  8 orcs
  A fungus (Lair:2)
76 creatures vanquished.

Vanquished Creatures (others)
  8 dancing weapons
  A porcupine (Lair:5)
  2 slaves (D:9)
  An orc priest (Orc:2)
  An orc wizard (D:10)
  A river rat (Lair:5)
  11 fungi
  4 plants
29 creatures vanquished.

Grand Total: 941 creatures vanquished

Notes
Turn   | Place    | Note
--------------------------------------------------------------
     0 | D:1      | MrRokkomies the Spriggan Enchanter began the quest for the Orb.
     0 | D:1      | Reached XP level 1. HP: 9/9 MP: 5/5
   592 | D:1      | Reached XP level 2. HP: 1/13 MP: 6/6
  1119 | D:2      | Found an iron altar of Okawaru.
  1126 | D:2      | Learned a level 2 spell: Ensorcelled Hibernation
  1327 | D:1      | Reached XP level 3. HP: 9/16 MP: 8/8
  2262 | D:2      | Found a stormy altar of Qazlal.
  2262 | D:2      | Found a bloodstained altar of Trog.
  2417 | D:2      | Noticed Natasha
  2423 | D:2      | Killed Natasha
  2423 | D:2      | Reached skill level 5 in Hexes
  2423 | D:2      | Reached XP level 4. HP: 21/21 MP: 9/9
  2496 | D:2      | Found an ancient bone altar of Kikubaaqudgha.
  3018 | D:3      | Reached skill level 4 in Dodging
  3018 | D:3      | Reached XP level 5. HP: 21/24 MP: 10/10
  3051 | D:3      | Learned a level 3 spell: Confuse
  3055 | D:3      | Learned a level 3 spell: Tukima's Dance
  3386 | D:3      | Found a shimmering altar of Xom.
  3433 | D:3      | Found a sacrificial altar of Ru.
  3810 | D:4      | Noticed MrRokkomies's ghost (amateur DgSu)
  3897 | D:4      | Reached skill level 5 in Dodging
  3903 | D:4      | Reached XP level 6. HP: 18/29 MP: 7/11
  4123 | D:4      | Reached skill level 1 in Fighting
  4123 | D:4      | Reached skill level 5 in Short Blades
  4514 | D:5      | Entered Level 5 of the Dungeon
  4528 | D:5      | Found a glowing drain.
  4592 | Sewer    | Entered a sewer
  4781 | Sewer    | Reached XP level 7. HP: 35/35 MP: 12/12
  5417 | D:5      | Found a staircase to the Ecumenical Temple.
  5426 | Temple   | Entered the Ecumenical Temple
  5520 | Temple   | Became a worshipper of Gozag Ym Sagoz the Greedy
  5791 | D:5      | Found a white marble altar of Elyvilon.
  5963 | D:6      | Noticed Grinder
  5976 | D:6      | Killed Grinder
  6089 | D:6      | Reached XP level 8. HP: 42/42 MP: 13/13
  6120 | D:6      | Noticed Menkaure
  6123 | D:6      | Killed Menkaure
  6254 | D:6      | Noticed Prince Ribbit
  6258 | D:6      | Killed Prince Ribbit
  6377 | D:6      | Noticed Crazy Yiuf
  6383 | D:6      | Killed Crazy Yiuf
  6612 | D:6      | Reached skill level 5 in Fighting
  6736 | D:7      | Found a glowing golden altar of the Shining One.
  6820 | D:7      | Found a shattered altar of Ashenzari.
  7246 | D:7      | Noticed Joseph
  7259 | D:7      | Killed Joseph
  7259 | D:7      | Reached XP level 9. HP: 36/48 MP: 14/14
  7468 | D:7      | Found a glowing silver altar of Zin.
  7603 | D:7      | Found an oddly glowing altar of Pakellas.
  7603 | D:7      | Found Pakellas's Prime Provisions.
  7831 | D:8      | Reached skill level 10 in Short Blades
  7912 | D:8      | Noticed Psyche
  7938 | D:8      | Killed Psyche
  8618 | D:9      | Noticed Pikel
  8619 | D:9      | Killed Pikel
  8712 | D:9      | Found Fozetiff's Magic Scroll Boutique.
  8717 | D:9      | Bought a scroll of acquirement for 832 gold pieces
  8770 | D:9      | Reached XP level 10. HP: 46/56 MP: 15/15
  8933 | D:9      | Found Xucw's Distillery.
  8939 | D:9      | Reached skill level 5 in Stealth
  8969 | D:9      | Reached skill level 1 in Shields
  9023 | D:9      | Found Gujer's Antique Weapon Shoppe.
  9222 | D:9      | Found Seicsiv's Distillery.
  9368 | D:9      | Found Kitiskergh's General Store.
  9495 | D:9      | Bought a runed rapier for 80 gold pieces
  9639 | D:10     | Entered Level 10 of the Dungeon
  9944 | D:10     | Learned a level 3 spell: Dazzling Spray
 10027 | D:10     | Noticed Erica
 10331 | D:10     | Killed Erica
 10429 | D:10     | Noticed Harold
 10432 | D:10     | Noticed a hill giant
 10455 | D:10     | Killed a hill giant
 10471 | D:10     | Reached skill level 6 in Dodging
 10538 | D:10     | Killed Harold
 10538 | D:10     | Reached skill level 7 in Dodging
 11115 | D:10     | Reached skill level 8 in Dodging
 11242 | D:11     | Noticed Maurice
 11244 | D:11     | Found a staircase to the Orcish Mines.
 11247 | D:11     | Killed Maurice
 11368 | D:11     | Found a staircase to the Lair.
 11378 | Lair:1   | Entered Level 1 of the Lair of Beasts
 11378 | Lair:1   | Noticed MrRokkomies's ghost (journeyman OpAs)
 11516 | D:11     | Reached XP level 11. HP: 59/59 MP: 16/16
 12036 | D:11     | Reached skill level 5 in Shields
 12198 | D:11     | Noticed a hill giant
 12211 | D:11     | Killed a hill giant
 12607 | D:11     | Found a deep blue altar of Sif Muna.
 12691 | D:11     | Identified Sif Muna's Papyrus of Dislocation
 13297 | Lair:1   | Noticed an eight-headed hydra
 13312 | Lair:1   | Killed an eight-headed hydra
 13833 | Lair:2   | Noticed Nergalle
 13843 | Lair:1   | Reached skill level 1 in Ice Magic
 14039 | Lair:2   | Killed Nergalle
 14245 | Lair:2   | Noticed a four-headed hydra
 14263 | Lair:2   | Killed a four-headed hydra
 14263 | Lair:2   | Reached skill level 10 in Hexes
 14290 | Lair:2   | Got a wavering iron amulet
 14597 | Lair:2   | Reached XP level 12. HP: 64/64 MP: 17/17
 14701 | Lair:2   | Bought an ancient quick blade for 520 gold pieces
 14704 | Lair:2   | Identified the +6 quick blade "Lottoshu" {venom, +Inv rElec rPois MR-} (You bought it in a shop on level 2 of the Lair of Beasts)
 14736 | Lair:3   | Identified the amulet "Caapp" {RegenMP +Inv rPois rN+++ Int-3} (You found it on level 2 of the Lair of Beasts)
 14958 | Lair:3   | Reached skill level 1 in Evocations
 16154 | Lair:4   | Reached skill level 5 in Evocations
 16166 | Lair:4   | Reached skill level 5 in Ice Magic
 16328 | Lair:4   | Got a vibrating lapis lazuli ring
 16330 | Lair:4   | Identified the ring "Bouwod" {Fire Str+4 SInv} (You found it on level 4 of the Lair of Beasts)
 17832 | Lair:5   | Reached skill level 9 in Dodging
 17896 | Lair:5   | Reached XP level 13. HP: 21/68 MP: 21/21
 18672 | Lair:5   | Found a staircase to the Snake Pit.
 18689 | Lair:5   | Reached skill level 10 in Evocations
 18786 | Lair:5   | Reached skill level 10 in Dodging
 18873 | Lair:6   | Found a staircase to the Swamp.
 19663 | Lair:6   | Found a staircase to the Slime Pits.
 19935 | Lair:7   | Reached skill level 11 in Dodging
 20250 | Lair:7   | Reached skill level 12 in Dodging
 20344 | Lair:7   | Bought a +2 robe of the Archmagi for 640 gold pieces
 20532 | Lair:7   | Reached skill level 13 in Dodging
 21159 | Lair:8   | Entered Level 8 of the Lair of Beasts
 21588 | Lair:8   | Reached XP level 14. HP: 75/75 MP: 23/23
 21901 | Lair:8   | Reached skill level 14 in Dodging
 21996 | Lair:8   | Reached skill level 10 in Fighting
 22365 | Lair:8   | Reached skill level 15 in Dodging
 23268 | Lair:8   | Reached skill level 16 in Dodging
 23900 | Lair:1   | Learned a level 2 spell: Repel Missiles
 23904 | Lair:1   | Learned a level 3 spell: Static Discharge
 23920 | Orc:1    | Entered Level 1 of the Orcish Mines
 24208 | Orc:1    | Reached skill level 1 in Conjurations
 24208 | Orc:1    | Reached skill level 1 in Air Magic
 25173 | Orc:1    | Found a roughly hewn altar of Beogh.
 25455 | Orc:2    | Entered Level 2 of the Orcish Mines
 25625 | Orc:2    | Found a radiant altar of Vehumet.
 26419 | Orc:2    | Found Qontat's Distillery.
 26419 | Orc:2    | Found Ukkaat's Gadget Shop.
 26422 | Orc:2    | Found Doathit's Jewellery Boutique.
 26424 | Orc:2    | Found Zues's Book Shoppe.
 26478 | Orc:2    | Reached XP level 15. HP: 62/81 MP: 24/24
 26525 | Orc:2    | Bought a book of Enchantments for 750 gold pieces
 26596 | Orc:2    | Found a staircase to the Elven Halls.
 26690 | Orc:2    | Bought a +2 rod of inaccuracy (12/12) for 1140 gold pieces
 26690 | Orc:2    | Bought a disc of storms for 240 gold pieces
 27136 | D:12     | Noticed SkyBlueFox's ghost (journeyman DsMo)
 27173 | D:12     | Killed SkyBlueFox's ghost
 27352 | D:12     | Bought a slice of pizza for 16 gold pieces
 27352 | D:12     | Bought 3 fruits for 49 gold pieces
 27352 | D:12     | Bought a bread ration for 55 gold pieces
 27352 | D:12     | Bought a slice of pizza for 16 gold pieces
 27352 | D:12     | Bought a bread ration for 55 gold pieces
 27352 | D:12     | Bought 3 fruits for 49 gold pieces
 29771 | D:13     | Noticed Frances
 29788 | D:13     | Killed Frances
 30134 | D:14     | Learned a level 4 spell: Cause Fear
 30257 | D:14     | Identified Taschi Hongan's Disquisition on the Birds (You found it on level 14 of the Dungeon)
 30492 | D:14     | Found a gate to the Vaults.
 31103 | D:15     | Entered Level 15 of the Dungeon
 31120 | D:15     | Found a blossoming altar of Fedhas.
 31206 | D:15     | Found a bloodstained altar of Trog.
 31419 | D:15     | Noticed Potsanchik's ghost (adept SpEE)
 31485 | D:15     | Killed from afar by Potsanchik's ghost

Vault maps used:
D:1:      dpeg_arrival_brainrot
D:2:      lemuel_round_altar, gammafunk_temple_overflow_pools, first_bread,
          okawaru_ov_weapons_minmay, uniq_natasha
D:3:      lemuel_doored_altar, hangedman_ru_absence
D:5:      elyvilon_altar_4, minmay_temple_entry_large_hall,
          portal_sewer_entry_a, hangedman_decor_lopped
D:6:      uniq_menkaure, uniq_prince_ribbit1, uniq_grinder,
          uniq_crazy_yiuf_cottage
D:7:      nicolae_tso_besieged_by_evil, johnstein_pakellas_shop,
          kennysheep_mini, basic_altar, minmay_misc_feat_plants, uniq_joseph
D:8:      uniq_psyche
D:9:      serial_shops, nicolae_shop_trees, nicolae_shop_statue_plus,
          nicolae_shop_waterfront, nicolae_shop_stone,
          nicolae_shop_temple_entry_statues_fountains, uniq_pikel
D:10:     uniq_harold, uniq_erica
D:11:     lair_0_dummy, zombieorc2_lemuel, led_sif_book, uniq_maurice
D:13:     hangedman_ranch, uniq_frances
D:14:     david_vaults_4, minmay_holes, kennysheep_generic_room_4
D:15:     grunt_enter_depths_magical_seal, fedhas_altar_1, trog_ov_bears_minmay
Temple:   circular_temple_12
Lair:2:   uniq_nergalle
Lair:4:   special_room, infiniplex_staircase_pool, serial_bayou_shore_b,
          serial_bayou_shore_a, grunt_megastairs_4, lemuel_fruit_tree
Lair:5:   minmay_snake_entry_guardpost_small, nicolae_quartered_pool_medium
Lair:6:   swamp_mist, dpeg_slime_entry_corner, roderic_carrion_pond
Lair:8:   evilmike_catoblepas_cave, guppyfry_lair_drakes
Orc:1:    nicolae_orc_accident_2
Orc:2:    st_orc_rangers, basic_altar
Sewer:    kennysheep_pipe_town

Skill      XL: |  1  2  3  4  5  6  7  8  9 10 11 12 13 14 15 |
---------------+----------------------------------------------+-----
Hexes          | 4 5 10 12 | 12.6
Short Blades   | 2 3 4 5 7 9 11 | 11.0
Dodging        | 4 5 8 9 13 16 | 16.0
Fighting       | 2 3 6 7 9 10 | 10.9
Stealth        | 7 |  7.8
Shields        | 4 6 |  6.5
Ice Magic      | 3 7 |  7.0
Evocations     | 9 11 13 | 13.6
Spellcasting   | 3 |  3.2
Conjurations   | 3 |  3.4
Air Magic      | 3 |  3.8

Action                   |  1- 3 |  4- 6 |  7- 9 | 10-12 | 13-15 || total
-------------------------+-------+-------+-------+-------+-------++-------
Melee: Dagger            |   138 |   210 |   549 |   909 |       ||  1806
       Quick blade       |       |       |       |   579 |  2374 ||  2953
       Rapier            |       |       |       |       |    28 ||    28
 Fire: Blowgun           |       |       |       |    33 |     2 ||    35
Throw: Throwing net      |       |       |       |     1 |     1 ||     2
 Cast: Ensorcelled Hiber |    11 |    29 |    25 |    77 |    68 ||   210
       Corona            |     1 |       |       |       |       ||     1
       Confuse           |       |       |    11 |    46 |    69 ||   126
       Tukima's Dance    |       |       |     9 |     9 |    71 ||    89
       Dazzling Spray    |       |       |       |     2 |     3 ||     5
       Repel Missiles    |       |       |       |       |     4 ||     4
       Static Discharge  |       |       |       |       |     1 ||     1
Invok: Call Merchant     |       |       |       |     1 |     3 ||     4
 Abil: Evoke Invisibilit |       |       |       |       |     8 ||     8
Evoke: Wand              |       |       |       |       |     4 ||     4
       Rod               |       |       |       |       |     1 ||     1
       Disc of storms    |       |       |       |       |     1 ||     1
  Use: Scroll            |       |    18 |     2 |    12 |     8 ||    40
       Potion            |       |       |       |     4 |     1 ||     5
 Stab: Sleeping          |    19 |    34 |    25 |    62 |    71 ||   211
       Distracted        |     2 |     2 |     1 |     7 |    12 ||    24
       Confused          |       |       |     9 |    30 |    36 ||    75
       Held in net/web   |       |       |       |     1 |     2 ||     3
       Invisible         |       |       |       |       |    83 ||    83
  Eat: Bread ration      |       |     1 |       |     2 |     6 ||     9
       Pizza             |       |       |     2 |     3 |     2 ||     7
       Royal jelly       |       |       |     1 |     2 |       ||     3
       Fruit             |       |       |     1 |       |     3 ||     4
